 Dungeon Crawl Stone Soup version 0.31-a0-210-gccc998df9b (webtiles) character file.

Game seed: 8455675142394291501

247 qw the Shooter (level 5, -6/45 HPs)
             Began as a Minotaur Hexslinger on June 29, 2023.
             Mangled by a gnoll
             ... wielding a +4 flail of holy wrath
             ... led by a gnoll bouda
              (11 damage)
             ... on level 4 of the Dungeon.
             The game lasted 00:01:12 (2484 turns).

qw the Shooter (Minotaur Hexslinger)                Turns: 2484, Time: 00:01:12

Health: -6/45      AC:  9    Str: 12    XL:     5   Next: 85%
Magic:  5/5        EV: 11    Int: 10    God:
Gold:   119        SH:  0    Dex: 15    Spells: 5/6 levels left

rFire   . . .        Y - +2 sling
rCold   . . .        (no shield)
rNeg    . . .        b - +0 ring mail
rPois   .            (helmet restricted)
rElec   .            g - +0 cloak
rCorr   .            e - +2 pair of gloves
SInv    .            (no boots)
Will    .....        (no amulet)
Stlth   +            (no ring)
HPRegen 0.27/turn    (no ring)
MPRegen 0.09/turn

%: no passive effects
@: no status effects
A: horns 2, retaliatory headbutt
a: no special abilities


You were on level 4 of the Dungeon.
You visited 1 branch of the dungeon, and saw 4 of its levels.

You collected 119 gold pieces.


Innate Abilities, Weirdness & Mutations

You have a pair of horns on your head.
You reflexively headbutt those who attack you in melee.


   Skills:
 + Level 3.0 Fighting
 - Level 6.1 Ranged Weapons
 - Level 1.4 Armour
 - Level 2.1 Dodging
 - Level 1.0 Spellcasting
 - Level 2.0 Hexes


You had 5 spell levels left.
You knew the following spells:

 Your Spells              Type           Power      Damage    Failure   Level
a - Slow                  Hex            16%        N/A       32%         1

Your spell library contained the following spells:

 Spells                   Type           Power      Damage    Failure   Level
 Inner Flame              Hex/Fire       2%         N/A       83%         3
 Portal Projectile        Hex/Tloc       4%         N/A       83%         3
 Cause Fear               Hex            2%         N/A       97%         4

Inventory:

Hand Weapons
 Y - a +2 sling (weapon)
Armour
 b - a +0 ring mail (worn)
 e - a +2 pair of gloves (worn)
 g - a +0 cloak (worn)
Scrolls
 a - a scroll of identify
 c - 3 scrolls of teleportation
Potions
 d - a potion of curing
 h - 2 potions of haste
 i - 2 potions of enlightenment
 j - a potion of might

Dungeon Overview and Level Annotations

Branches:
Dungeon (4/15)
 Temple: D:4-7

Altars:
Cheibriados
Hepliaklqana
Kikubaaqudgha
Makhleb

Shops:
D:3 =

Annotations:
D:4 1 runed translucent door, qw's ghost, amateur DEHu


Message History

The gnoll is no longer moving quickly.
The gnoll bouda completely misses you. The gnoll closely misses you.
You hear a bark!
You hear a shout!
You shoot a sling bullet. The sling bullet hits the gnoll bouda.
You kill the gnoll bouda!
The gnoll barely misses you. The jackal closely misses you.
You furiously retaliate!
You headbutt the jackal.
A jackal comes into view.
Your Ranged Weapons skill increases to level 6!
You shoot a sling bullet.
The sling bullet closely misses the jackal.
The gnoll hits you with a +0 flail of protection.
The jackal closely misses you. You furiously retaliate!
You headbutt the jackal.
You kill the jackal!
The gnoll closely misses you.
You shoot a sling bullet.
The sling bullet hits the gnoll but does no damage.
The jackal bites you but does no damage. x2
The gnoll misses you. You furiously retaliate!
You headbutt the gnoll, but do no damage.
The gnoll hits you with a +0 flail of protection.
You shoot a sling bullet.
The sling bullet barely misses the gnoll.
The jackal barely misses you.
The gnoll hits you with a +4 flail of holy wrath.
The gnoll closely misses you. You furiously retaliate!
You headbutt the gnoll! The jackal completely misses you.
You shoot a sling bullet.
The sling bullet hits the gnoll but does no damage.
The gnoll is heavily wounded.
The jackal barely misses you. The gnoll closely misses you. x2
The jackal bites you but does no damage.
You shoot a sling bullet.
The sling bullet hits the gnoll but does no damage.
The gnoll is heavily wounded.
The gnoll hits you with a +4 flail of holy wrath!
The gnoll closely misses you. You furiously retaliate!
You headbutt the gnoll.
The jackal bites you but does no damage.
The gnoll hits you with a +4 flail of holy wrath!
You die...

...........)) ....h.
...###.......#. ...hg
...##..#....... ..g.
......##.....#. ....
.......#.....#.
#...#..............#
#.......#####.##.#..
#^##h...............
#.#@g.....####..#...
#...g.###.# ##.>... #..#..###
#########. #####.......#
.)...###..
#...........######...#..
###.....####..............
###...........#..#......##..
##...#....).(....<#......##..
##......###+###.#.........###.


You could see 2 gnolls and a jackal.

Vanquished Creatures
  An orc priest (D:4)
  A gnoll bouda (D:4)
  A mummy (D:3)
  8 gnolls
  2 adders
  2 worms (D:2)
  3 dart slugs
  10 orcs
  6 bats
  3 endoplasms
  A giant cockroach (D:1)
  7 goblins
  2 hobgoblins
  4 jackals
  A ball python (D:2)
  5 frilled lizards
  4 kobolds
  2 rats
  A spectral kobold (D:3)
64 creatures vanquished.

Notes
Turn   | Place    | Note
-------+----------+-------------------------------------------
     0 | D:1      | qw the Minotaur Hexslinger began the quest for the Orb.
     0 | D:1      | Reached XP level 1. HP: 16/16 MP: 1/1
     0 | D:1      | 0 ||| qw: Version: 0.3-a-24-g62f9e04
     0 | D:1      | 0 ||| qw: Game counter: 6653
     0 | D:1      | 0 ||| qw: Melee chars always use a shield: true
     0 | D:1      | 0 ||| qw: God list: Okawaru
     0 | D:1      | 0 ||| qw: Allow faded altars: false
     0 | D:1      | 0 ||| qw: Do Orc after clearing Dungeon:15 true
     0 | D:1      | 0 ||| qw: Do second Lair branch before Depths: true
     0 | D:1      | 0 ||| qw: Lair rune preference: random
     0 | D:1      | 0 ||| qw: Goals: Normal
     0 | D:1      | 0 ||| PLANNING D:1-11
   311 | D:1      | Reached skill level 3 in Ranged Weapons
   311 | D:1      | Reached XP level 2. HP: 23/23 MP: 2/2
   463 | D:1      | 463 ||| READING 2 scrolls labelled RODWID JERO.
   464 | D:1      | 464 ||| READING scroll labelled TUEQO DAEFU.
   465 | D:1      | 465 ||| DROPPING scroll of poison.
   524 | D:2      | Reached XP level 3. HP: 30/30 MP: 3/3
   807 | D:2      | Reached skill level 4 in Ranged Weapons
   989 | D:2      | Reached XP level 4. HP: 37/37 MP: 4/4
  1185 | D:2      | 1185 ||| UPGRADING to +2 pair of gloves.
  1190 | D:2      | 1190 ||| UPGRADING to +0 leather armour.
  1200 | D:2      | 1200 ||| DROPPING +0 robe.
  1201 | D:2      | 1201 ||| UPGRADING to +0 cloak.
  1206 | D:2      | 1206 ||| READING scroll labelled FOONUT BOMOE.
  1269 | D:2      | 1269 ||| READING 3 scrolls of identify.
  1269 | D:2      | 1269 ||| IDENTIFYING silvery potion
  1270 | D:2      | 1270 ||| READING 2 scrolls of identify.
  1270 | D:2      | 1270 ||| IDENTIFYING bubbling puce potion
  1271 | D:2      | 1271 ||| DROPPING potion of lignification.
  1352 | D:3      | HP: 9/37 [orc/+0 dagger (2)]
  1353 | D:3      | 1353 ||| DRINKING potion of heal wounds.
  1477 | D:3      | 1477 ||| Stepping ~*~*~tactically~*~*~ (outnumbered).
  1479 | D:3      | 1479 ||| Stepping ~*~*~tactically~*~*~ (outnumbered).
  1494 | D:3      | 1494 ||| FLEEEEING.
  1495 | D:3      | 1495 ||| FLEEEEING.
  1496 | D:3      | 1496 ||| FLEEEEING.
  1497 | D:3      | 1497 ||| FLEEEEING.
  1498 | D:3      | 1498 ||| FLEEEEING.
  1499 | D:3      | 1499 ||| FLEEEEING.
  1500 | D:3      | 1500 ||| FLEEEEING.
  1501 | D:3      | 1501 ||| FLEEEEING.
  1502 | D:3      | 1502 ||| FLEEEEING.
  1503 | D:3      | 1503 ||| FLEEEEING.
  1504 | D:3      | 1504 ||| FLEEEEING.
  1505 | D:3      | 1505 ||| FLEEEEING.
  1506 | D:3      | 1506 ||| FLEEEEING.
  1507 | D:3      | 1507 ||| FLEEEEING.
  1508 | D:3      | 1508 ||| FLEEEEING.
  1509 | D:3      | 1509 ||| FLEEEEING.
  1510 | D:3      | 1510 ||| FLEEEEING.
  1511 | D:3      | 1511 ||| FLEEEEING.
  1512 | D:3      | 1512 ||| FLEEEEING.
  1513 | D:3      | 1513 ||| FLEEEEING.
  1514 | D:3      | 1514 ||| FLEEEEING.
  1515 | D:3      | 1515 ||| FLEEEEING.
  1516 | D:3      | 1516 ||| FLEEEEING.
  1517 | D:3      | 1517 ||| FLEEEEING.
  1518 | D:3      | 1518 ||| FLEEEEING.
  1519 | D:3      | 1519 ||| FLEEEEING.
  1520 | D:3      | 1520 ||| FLEEEEING.
  1521 | D:3      | 1521 ||| FLEEEEING.
  1522 | D:3      | 1522 ||| FLEEEEING.
  1523 | D:3      | 1523 ||| FLEEEEING.
  1524 | D:3      | 1524 ||| FLEEEEING.
  1525 | D:3      | 1525 ||| FLEEEEING.
  1526 | D:3      | 1526 ||| FLEEEEING.
  1527 | D:3      | 1527 ||| FLEEEEING.
  1528 | D:3      | 1528 ||| FLEEEEING.
  1529 | D:3      | 1529 ||| FLEEEEING.
  1530 | D:3      | 1530 ||| FLEEEEING.
  1531 | D:3      | 1531 ||| FLEEEEING.
  1532 | D:3      | 1532 ||| FLEEEEING.
  1533 | D:3      | 1533 ||| FLEEEEING.
  1534 | D:3      | 1534 ||| FLEEEEING.
  1535 | D:3      | 1535 ||| FLEEEEING.
  1536 | D:3      | 1536 ||| FLEEEEING.
  1537 | D:3      | 1537 ||| FLEEEEING.
  1538 | D:3      | 1538 ||| FLEEEEING.
  1539 | D:3      | 1539 ||| FLEEEEING.
  1540 | D:3      | 1540 ||| FLEEEEING.
  1541 | D:3      | 1541 ||| FLEEEEING.
  1542 | D:3      | 1542 ||| FLEEEEING.
  1549 | D:3      | Reached skill level 5 in Ranged Weapons
  1650 | D:3      | Reached skill level 3 in Fighting
  1652 | D:3      | Reached XP level 5. HP: 45/45 MP: 5/5
  1753 | D:3      | Found an ancient bone altar of Kikubaaqudgha.
  1788 | D:3      | Found a snail-covered altar of Cheibriados.
  1798 | D:3      | Reached skill level 1 in Armour
  1920 | D:3      | Found a hazy altar of Hepliaklqana.
  2057 | D:3      | Found Ihyngenu's Jewellery Emporium.
  2066 | D:3      | 2066 ||| SHOPLISTING +4 ring of slaying (1092 gold, have
                  | 83).
  2066 | D:3      | 2066 ||| SHOPLISTING +5 ring of evasion (504 gold, have
                  | 83).
  2066 | D:3      | 2066 ||| SHOPLISTING amulet of the acrobat (420 gold, have
                  | 83).
  2066 | D:3      | 2066 ||| SHOPLISTING ring of Jareutul {rC+ Str+2 Dex+2}
                  | (565 gold, have 83).
  2066 | D:3      | 2066 ||| SHOPLISTING ring of fire (350 gold, have 83).
  2066 | D:3      | 2066 ||| SHOPLISTING ring of poison resistance (280 gold,
                  | have 83).
  2066 | D:3      | 2066 ||| SHOPLISTING ring of see invisible (210 gold, have
                  | 83).
  2259 | D:3      | 2259 ||| UPGRADING to +0 ring mail.
  2269 | D:3      | 2269 ||| DROPPING +0 leather armour.
  2270 | D:3      | 2270 ||| READING 2 scrolls labelled HAMMAN KELIGO.
  2275 | D:3      | 2275 ||| READING 3 scrolls labelled HOENOT MITIAS.
  2276 | D:3      | 2276 ||| DRINKING 3 cyan potions.
  2277 | D:3      | 2277 ||| READING 5 scrolls of identify.
  2277 | D:3      | 2277 ||| IDENTIFYING pink potion
  2278 | D:3      | 2278 ||| READING 4 scrolls of identify.
  2278 | D:3      | 2278 ||| IDENTIFYING grey potion
  2279 | D:3      | 2279 ||| READING 3 scrolls of identify.
  2279 | D:3      | 2279 ||| IDENTIFYING fuming ruby potion
  2280 | D:3      | 2280 ||| READING 2 scrolls of identify.
  2280 | D:3      | 2280 ||| IDENTIFYING fuming silvery potion
  2281 | D:3      | 2281 ||| DROPPING 2 scrolls of amnesia.
  2282 | D:3      | 2282 ||| DROPPING potion of degeneration.
  2337 | D:4      | Found a runed translucent door.
  2337 | D:4      | Noticed qw's ghost (amateur DEHu)
  2364 | D:4      | Found a burning altar of Makhleb.
  2408 | D:4      | 2408 ||| FLEEEEING.
  2460 | D:4      | 2460 ||| Stepping ~*~*~tactically~*~*~ (outnumbered).
  2480 | D:4      | Reached skill level 6 in Ranged Weapons
  2484 | D:4      | HP: 5/45 [gnoll/+4 flail of holy wrath[a gnoll bouda] (9)]
  2484 | D:4      | Mangled by a gnoll

Levels and vault maps discovered:
D:1:      psy_arrival_fountain, layout_basic
D:2:      layout_loops_ring
D:3:      layout_basic, nicolae_hepliaklqana_monster_ancestors,
          overflow_temple_1_default, slow_altar_1, serial_shops,
          nicolae_lakefront_shop
D:4:      layout_rooms, lemuel_doored_altar, hellmonk_ghost_happy_afterlife,
          uniq_robin, uniq_sigmund

Skill      XL: |  1  2  3  4  5 |
---------------+----------------+-----
Ranged Weapons | 3 4 5 6 |  6.1
Fighting       | 2 3 |  3.0
Armour         | 1 |  1.4
Dodging        | |  2.1
Spellcasting   | |  1.0
Hexes          | |  2.0

Action                     |  1- 3 |  4- 6 || total
---------------------------+-------+-------++-------
   Fire: Sling             |    82 |   152 ||   234
    Use: Scroll            |     2 |     9 ||    11
         Potion            |       |     2 ||     2
 Armour: Robe              |     2 |       ||     2
         Leather armour    |       |    21 ||    21
         Ring mail         |       |    13 ||    13
  Dodge: Dodged            |    17 |    56 ||    73

Table legend:
 A = Non-vault XP
 B = Vault XP
 C = Vault XP percentage of total XP
 D = Non-vault monster count
 E = Vault monster count
 F = Vault count percentage of total count
                 A         B        C        D         E       F
            +---------+---------+-------+---------+---------+-------
      Total |     331 |      23 |   6.5 |      61 |       3 |   4.7
            +---------+---------+-------+---------+---------+-------
        D:1 |      14 |       0 |   0.0 |       7 |       0 |   0.0
        D:2 |      89 |       0 |   0.0 |      22 |       0 |   0.0
        D:3 |     108 |      23 |  17.6 |      20 |       3 |  13.0
        D:4 |     120 |       0 |   0.0 |      12 |       0 |   0.0
            +---------+---------+-------+---------+---------+-------
